 Dungeon Crawl Stone Soup version 0.22-a0-49-g614aadd (webtiles) character file.

106 KristoblXynda the Chopper (level 4, -3/39 HPs)
             Began as a Naga Gladiator on Jan 8, 2018.
             Slain by a gnoll
             ... wielding a +0 spear
              (5 damage)
             ... on level 3 of the Dungeon.
             The game lasted 00:03:30 (1842 turns).

KristoblXynda the Chopper (Naga Gladiator)          Turns: 1842, Time: 00:03:30

Health: -3/39      AC:  5    Str: 16    XL:     4   Next: 84%
Magic:  4/4        EV: 10    Int:  9    God:
Gold:   79         SH:  0    Dex: 13    Spells: 3/3 levels left

rFire    . . .     SeeInvis +   a - +0 war axe
rCold    . . .     Gourm    .   (no shield)
rNeg     . . .     Faith    .   e - +0 ring mail
rPois    +         Spirit   .   c - +0 helmet
rElec    .         Reflect  .   (no cloak)
rCorr    .         Harm     .   (no gloves)
MR       .....                  (no barding)
Stlth    +.........             (no amulet)
HPRegen  0.13/turn              (no ring)
MPRegen  0.09/turn              (no ring)

@: very slow
A: large, see invisible, deformed body, poison resistance, slowness 2, slow
metabolism 1, spit poison 1, AC +1
a: Spit Poison


You were on level 3 of the Dungeon.
You were not hungry.

You visited 1 branch of the dungeon, and saw 3 of its levels.

You collected 79 gold pieces.

Inventory:

Hand Weapons
 a - a +0 war axe (weapon)
Missiles
 d - 4 throwing nets (quivered)
 l - 12 javelins
Armour
 c - a +0 helmet (worn)
 e - a +0 ring mail (worn)
Jewellery
 o - an uncursed ring of poison resistance {unknown}
 q - an uncursed amulet of regeneration {unknown}
Scrolls
 g - a scroll of identify {unknown}
 h - a scroll of teleportation {unknown}
 i - a scroll of random uselessness {unknown}
 k - a scroll of noise {unknown}
 p - 2 scrolls of blinking {unknown}
Potions
 b - a potion of haste {unknown}
 j - a potion of curing {unknown}
Comestibles
 f - 4 rations
 r - a chunk of flesh


   Skills:
 - Level 2.0 Fighting
 + Level 3.9 Axes
 - Level 2.4 Throwing
 + Level 1.1 Armour
 + Level 3.2 Dodging


You had 3 spell levels left.
You didn't know any spells.

Dungeon Overview and Level Annotations

Branches:
Dungeon (3/15)

Altars:
Ashenzari
Cheibriados
Dithmenos


Innate Abilities, Weirdness & Mutations

You cannot wear boots.
Your serpentine skin is tough. (AC +1)
You have supernaturally acute eyesight. (SInv)
Armour fits poorly on your strangely shaped body.
Your system is resistant to poisons. (rPois)
You cover ground very slowly.
You have a slow metabolism.
You can spit poison.


Message History

You closely miss the frilled lizard.
The gnoll hits you from afar with a spear!
* * * LOW HITPOINT WARNING * * *
The frilled lizard bites you but does no damage.
The gnoll closely misses you.
You completely miss the frilled lizard. The frilled lizard closely misses you.
The gnoll closely misses you.
You hit the frilled lizard.
You kill the frilled lizard!
The gnoll hits you from afar with a spear.
* * * LOW HITPOINT WARNING * * *
It was a potion of resistance.
You feel protected. The gnoll completely misses you.
It was a potion of cancellation.
Your magical effects are unravelling.
You feel magically purged.
Your resistance to elements expires.
The gnoll hits you from afar with a spear.
You die...

...........##.###.##.............
†.............# #.##..###########
....###.#####.# #.##..# ....# #.#
#.# #.##..# #.#.# #.# #.# #..#..#
#.#.# #.# #.# ##.#..# #.#.# #.#
#.# .#..# #.#.# #.# #.####.#..#
..#.###.# #...@)g...# ###.....#
######....# #.##### ...# #.# ....
#.# .#. #.# .. #.# . ..# #.


You could see a gnoll.

Vanquished Creatures
  2 gnolls (D:3)
  2 adders (D:2)
  2 dart slugs
  4 leopard geckos
  An orc (D:3)
  4 giant cockroaches
  5 goblins
  5 hobgoblins
  8 jackals
  A quokka (D:3)
  6 bats
  3 frilled lizards
  4 kobolds
  9 rats
56 creatures vanquished.

Notes
Turn   | Place    | Note
-------+----------+-------------------------------------------
     0 | D:1      | KristoblXynda the Naga Gladiator began the quest for the Orb.
     0 | D:1      | Reached XP level 1. HP: 19/19 MP: 1/1
   105 | D:1      | Reached XP level 2. HP: 10/26 MP: 2/2
   824 | D:1      | Reached XP level 3. HP: 23/32 MP: 3/3
  1330 | D:2      | Found a snail-covered altar of Cheibriados.
  1335 | D:2      | Found a shattered altar of Ashenzari.
  1336 | D:2      | Found a shadowy altar of Dithmenos.
  1418 | D:2      | Reached XP level 4. HP: 27/39 MP: 4/4
  1830 | D:3      | Reached skill level 1 in Armour
  1842 | D:3      | Slain by a gnoll

Vault maps used:
D:1:      dpeg_arrival_tiny_a
D:2:      minitemple, mrwooster_statue_mirror, minmay_misc_feat_diagonals
D:3:      lemuel_crystal_altar, kennysheep_generic_room_10

Skill      XL: |  1  2  3  4 |
---------------+-------------+-----
Throwing       | 2 |  2.4
Dodging        | 3 |  3.2
Armour         | 1 |  1.1
Fighting       | |  2.0
Axes           | |  3.9

Action                   |  1- 3 |  4- 6 || total
-------------------------+-------+-------++-------
Melee: War axe           |   100 |    50 ||   150
 Abil: Spit Poison       |     1 |     1 ||     2
  Use: Potion            |       |     2 ||     2
  Eat: Chunk             |     1 |     1 ||     2
Armor: Ring mail         |    58 |    28 ||    86
Dodge: Dodged            |    78 |    35 ||   113

Table legend:
 A = Spawn XP
 B = Non-spawn XP
 C = Spawn XP percentage of total XP
 D = Spawn monster count
 E = Non-spawn monster count
 F = Spawn count percentage of total count
 G = Total turns spent on level
                    A         B        C        D         E        F      G
               +---------+---------+-------+---------+---------+-------+---------
         Total |       0 |     152 |   0.0 |       0 |      56 |   0.0 |  1842
               +---------+---------+-------+---------+---------+-------+---------
           D:1 |       0 |      46 |   0.0 |       0 |      26 |   0.0 |  1125
           D:2 |       0 |      67 |   0.0 |       0 |      22 |   0.0 |   571
           D:3 |       0 |      39 |   0.0 |       0 |       8 |   0.0 |   146
               +---------+---------+-------+---------+---------+-------+---------
